 Dungeon Crawl Stone Soup version 0.18.1-50-g88ac8fd (webtiles) character file.

91 varam the Sneak (level 4, 0/21 HPs)
             Began as a Spriggan Enchanter on Oct 19, 2016.
             Was an Initiate of Gozag.
             Succumbed to a kobold's poison
             ... on level 2 of the Dungeon.
             The game lasted 00:06:24 (2725 turns).

varam the Sneak (Spriggan Enchanter)                Turns: 2725, Time: 00:06:25

Health: 0/21       AC:  3    Str:  4    XL:     4   Next: 33%
Magic:  2/9        EV: 18    Int: 17    God:    Gozag
Gold:   169        SH:  0    Dex: 16    Spells: 3 memorised, 2 levels left

rFire  . . .     SeeInvis +     a - +1 dagger
rCold  . . .     Gourm    .     b - +1 robe
rNeg   . . .     Faith    .     (shield restricted)
rPois  .         Spirit   .     (helmet restricted)
rElec  .         Dismiss  .     (no cloak)
rCorr  .         Reflect  .     (gloves unavailable)
SustAt .         Harm     .     (boots unavailable)
MR     .....                    (no amulet)
Stlth  ++++......               (no ring)
                                (no ring)

@: lethally poisoned (0 -> -2), very slightly contaminated, very quick, not
resistant to hostile enchantments, stealthy
A: unfitting armour, see invisible, herbivore 3, speed 3, slow metabolism 2
a: Potion Petition, Call Merchant, Bribe Branch, Renounce Religion


You were on level 2 of the Dungeon.
You worshipped Gozag.
Gozag was noncommittal.
You were very hungry.

You visited 1 branch of the dungeon, and saw 3 of its levels.

You collected 186 gold pieces.
You paid 17 gold pieces to Gozag.

Inventory:

Hand Weapons
 a - a +1 dagger (weapon)
 l - a +0 rapier
Armour
 b - a +1 robe (worn)
Wands
 k - a wand of slowing (20/48)
Scrolls
 e - a scroll of identify {unknown}
 j - a scroll of remove curse {unknown}
Potions
 f - a potion of lignification {unknown}
 g - a potion of heal wounds {unknown}
 h - a potion of flight {unknown}
 i - a potion of curing {unknown}
Books
 c - a book of Maledictions

   Spells                             Type                      Level
   a - Corona                         Hexes                        1
   b - Ensorcelled Hibernation        Hexes/Ice                    2
   c - Confuse                        Hexes                        3
   d - Tukima's Dance                 Hexes                        3
   e - Dazzling Spray                 Conjuration/Hexes            3
Comestibles
 d - a bread ration


   Skills:
 * Level 3.7 Short Blades
 - Level 3.0 Dodging
 + Level 6.0 Stealth
 - Level 2.6 Spellcasting
 - Level 3.6 Hexes


You had 2 spell levels left.
You knew the following spells:

 Your Spells              Type           Power        Failure   Level  Hunger
a - Ensorcelled Hibernat  Hex/Ice        #.....       17%         2    ##.....
b - Corona                Hex            ##.....      4%          1    #......
c - Confuse               Hex            ##......     14%         3    ###....


Dungeon Overview and Level Annotations

Branches:
Dungeon (3/15)

Altars:
Gozag


Innate Abilities, Weirdness & Mutations

You are tiny and cannot use many weapons and most armour.
You have supernaturally acute eyesight.
You are a herbivore.
You cover ground extremely quickly.
You need consume almost no food.


Message History

The kobold barely misses the orc.
The orc wizard hits you but does no damage.
You feel sick.
There is a stone staircase leading up here.
Things that are here:
a silver tomahawk; 3 poisoned needles You climb upwards.
There is a stone staircase leading down here.
The orc wizard gestures at you while chanting.
The magic dart hits you!
You feel sick.
The orc wizard points at you and mumbles some strange words.
The magic dart hits you!
* * * LOW HITPOINT WARNING * * *
You feel sick.
The orc wizard points at you and mumbles some strange words.
The magic dart hits you!
* * * LOW HITPOINT WARNING * * *
You die...
Your body crumbles into a pile of gold.

########### ######## #####
#........%# #......#
##...###.#######.# #.####.#
#.###.##.#######.###.# #.# #.#
#........##...##.####o#
#.###.##.###...........##.####
##..<###.# ####...##....o....#
##.## #.#######.###...##.##.#
#.####.....@...# #.####.##.#
#...##########.# #......##.#
###.##### ##'####.######.#
#.......# ##...###.## #.#
#.#.###.# ##....##...#####.#
#.#..##.###....##..)..##.#.#
#.#...#.##.....#.......#....
#..^.....+........._........
#.....#.##.....#.†.....#..##


There were no monsters in sight!

Vanquished Creatures
  A gnoll (D:1)
  2 adders (D:2)
  A worm (D:2)
  2 giant geckos (D:1)
  A giant cockroach (D:3)
  6 goblins (D:1)
  7 hobgoblins
  4 jackals
  7 kobolds
  3 ball pythons
  7 bats
  4 giant newts (D:1)
  10 rats
55 creatures vanquished.

Vanquished Creatures (others)
  A plant (D:1)
1 creature vanquished.

Grand Total: 56 creatures vanquished

Notes
Turn   | Place    | Note
--------------------------------------------------------------
     0 | D:1      | varam the Spriggan Enchanter began the quest for the Orb.
     0 | D:1      | Reached XP level 1. HP: 9/9 MP: 5/5
   460 | D:1      | Reached XP level 2. HP: 7/13 MP: 6/6
   464 | D:1      | Learned a level 2 spell: Ensorcelled Hibernation
   967 | D:1      | Reached skill level 5 in Stealth
  1181 | D:1      | Reached XP level 3. HP: 8/16 MP: 2/8
  1755 | D:2      | Found an opulent altar of Gozag.
  1773 | D:2      | Became a worshipper of Gozag Ym Sagoz the Greedy
  2045 | D:2      | Learned a level 3 spell: Confuse
  2200 | D:2      | Reached XP level 4. HP: 21/21 MP: 9/9
  2486 | D:3      | Reached skill level 6 in Stealth
  2719 | D:2      | HP: 1/21 [orc wizard/magic dart (5)]
  2725 | D:2      | Succumbed to a kobold's poison

Skill      XL: |  1  2  3  4 |
---------------+-------------+-----
Stealth        | 5 6 |  6.0
Short Blades   | 2 3 |  3.7
Dodging        | |  3.0
Spellcasting   | |  2.6
Hexes          | |  3.6

Action                   |  1- 3 |  4- 6 || total
-------------------------+-------+-------++-------
Melee: Dagger            |   190 |    37 ||   227
 Cast: Ensorcelled Hiber |    28 |     7 ||    35
       Confuse           |     1 |     2 ||     3
 Stab: Sleeping          |    24 |     5 ||    29
       Confused          |     1 |       ||     1
       Distracted        |       |     2 ||     2
  Eat: Fruit             |       |     1 ||     1
Armor: Robe              |    14 |     4 ||    18
Dodge: Dodged            |   116 |    28 ||   144
